Map: Pillars of Gold LE

Players

Trap

  • Race: Protoss Protoss
  • Spawn Location: 1:00

LiquidClem (Clem) - Winner!

  • Race: Terran Terran
  • League: Bronze
  • Spawn Location: 7:00

Event: DreamHack SC2 Masters 2020 Summer Season Finals

VOD

Have the link to the VOD?

Description

Time

  • Played on: July 17, 2020, 12:14 p.m.
  • Length: 7:32

All games in this series

Show
View Real Time Build Order
Export as new Build Order

Trap Protoss 

Build Orders: 1 Gate Expand, Dark Templar Rush 

Get SALT Encoding   

  12  0:00  Probe  
  13  0:13  Probe  
  14  0:18  Pylon  
  14  0:24  Probe  
  15  0:32  Probe  
  15  0:39  Gateway  
  15  0:40  Probe  
  16  0:48  Assimilator  
  17  0:51  Probe  
  18  1:03  Probe  
  19  1:15  Probe  
  20  1:26  Cybernetics Core  
  20  1:36  Nexus  
  20  1:44  Pylon  
  20  1:46  Probe  
  21  1:52  Adept  
  21  1:53  Assimilator  
  21  1:58  Probe  
  24  2:10  Probe, Warp Gate  
  24  2:13  Adept  
  28  2:22  Probe  
  28  2:35  Twilight Council, Probe  
  29  2:42  Stalker  
  30  2:44  Probe  
  30  2:47  Probe  
  32  2:52  Probe  
  33  2:59  Probe  
  33  3:05  Probe  
  34  3:07  Stalker  
  38  3:16  Pylon  
  38  3:21  Dark Shrine  
  37  3:32  Stalker  
  37  3:33  Gateway  
  39  3:49  Probe x2  
  39  3:59  Pylon  
  39  4:00  Shield Battery  
  39  4:04  Robotics Facility  
  39  4:11  Stalker  
  39  4:15  Probe x2  
  43  4:27  Probe x2  
  45  4:36  Dark Templar  
  45  4:38  Dark Templar, Probe x2  
  51  4:46  Pylon, Probe x2  
  53  4:56  Warp Prism, Probe  
  54  5:04  Probe  
  57  5:11  Blink  
  57  5:12  Probe  
  56  5:16  Assimilator  
  56  5:17  Assimilator, Probe  
  57  5:25  Probe  
  57  5:28  Gateway  
  56  5:29  Probe  
  56  5:32  Pylon  
  56  5:34  Observer  
  58  5:39  Gateway  
  58  5:44  Stalker x2  
  62  5:52  Probe x2  
  62  5:56  Forge  
  64  5:59  Robotics Bay  
  64  6:02  Observer  
  65  6:06  Pylon  
  65  6:16  Stalker x2  
  69  6:19  Pylon  
  69  6:20  Immortal  
  69  6:21  Pylon  
  69  6:30  Observer  
  69  6:31  Observer  
  71  6:59  Stalker x2  
  76  7:01  Probe x2  
  78  7:17  Stalker x2  
Show
View Real Time Build Order
Export as new Build Order

LiquidClem Terran - Winner!

Build Orders: Reaper Expand 

Get SALT Encoding   

  12  0:00  SCV  
  13  0:13  SCV  
  14  0:17  Supply Depot  
  14  0:25  SCV  
  15  0:39  SCV  
  15  0:40  Barracks  
  16  0:44  Refinery  
  16  0:51  SCV  
  17  1:03  SCV  
  18  1:15  SCV  
  19  1:27  Reaper  
  19  1:28  Orbital Command  
  20  1:45  Command Center  
  20  1:57  Bunker  
  20  1:59  SCV  
  20  2:01  Reaper  
  22  2:08  Supply Depot  
  22  2:11  SCV  
  23  2:27  Factory  
  23  2:30  SCV  
  23  2:33  Marine  
  25  2:41  Refinery  
  25  2:42  SCV  
  26  2:52  Barracks Reactor  
  26  2:54  SCV  
  26  2:58  Orbital Command  
  27  3:06  SCV  
  27  3:10  Hellion  
  29  3:13  Starport  
  29  3:18  SCV  
  30  3:26  SCV  
  31  3:29  Marine x2  
  31  3:30  Supply Depot  
  31  3:32  Factory Tech Lab  
  33  3:38  SCV x2  
  35  3:47  Marine x2  
  37  3:50  SCV  
  37  3:51  SCV  
  39  3:58  Factory Tech Lab  
  39  4:02  SCV  
  40  4:03  Barracks  
  40  4:05  Marine x2  
  40  4:07  Barracks  
  40  4:09  Raven  
  44  4:11  SCV  
  44  4:14  SCV  
  46  4:23  SCV  
  47  4:26  SCV  
  47  4:29  Marine x2  
  48  4:32  Siege Tank  
  48  4:34  Supply Depot  
  48  4:35  SCV  
  51  4:38  Bunker, SCV  
  51  4:40  Refinery  
  52  4:46  Engineering Bay  
  52  4:47  Marine x2  
  52  4:52  Supply Depot  
  54  4:56  Marine, SCV x2  
  57  5:01  Supply Depot  
  57  5:02  Marauder  
  58  5:08  Marine x2  
  58  5:10  SCV  
  61  5:15  Starport Reactor  
  61  5:16  Stimpack  
  61  5:19  SCV, Factory Reactor  
  60  5:22  Marauder, SCV  
  60  5:26  Marauder  
  65  5:31  SCV  
  65  5:32  Combat Shield  
  65  5:33  Marine  
  65  5:34  Marine, SCV  
  69  5:38  Supply Depot  
  69  5:41  Missile Turret  
  69  5:44  SCV, Missile Turret  
  69  5:46  SCV  
  69  5:47  Marauder  
  73  5:52  Marine x2  
  73  5:55  Marauder  
  77  5:59  Refinery  
  77  6:00  SCV x2  
  79  6:06  Missile Turret  
  79  6:11  Marine  
  80  6:12  Medivac  
  80  6:14  Marauder, Marine  
  80  6:15  Supply Depot  
  85  6:24  Supply Depot  
  85  6:29  Marine  
  85  6:31  Marauder, Widow Mine x2, Medivac  
  94  6:35  Supply Depot  
  94  6:36  Marine  
  94  6:37  Marauder  
  97  6:42  SCV  
  93  6:51  Medivac  
  93  6:53  Marauder, Marine  
  98  6:58  Marauder  
  98  6:59  Supply Depot  
  104  7:03  Marine  
  107  7:14  Command Center  
  103  7:17  SCV x2  
  103  7:21  Factory Tech Lab  
Tags
 
Add a new tag
Caveats
  • Supply blocks, unpowered buildings, or Contaminate may cause inaccurate times.
  • Supply counts are checked every 10 seconds.